Map: Lost and Found LE

Players

Iceman

  • Race: Zerg Zerg
  • League: Diamond
  • Spawn Location: 1:00

ReconkinG - Winner!

  • Race: Terran Terran
  • League: Diamond
  • Spawn Location: 7:00

VOD

Have the link to the VOD?

Description

Time

  • Played on: Sept. 15, 2018, 12:43 a.m.
  • Length: 18:22
Show
View Real Time Build Order
Export as new Build Order

Iceman Zerg 

Build Orders: Hatch First 

Get SALT Encoding   

  12  0:03  Drone  
  13  0:13  Overlord  
  13  0:20  Drone  
  14  0:31  Drone x2  
  16  0:36  Drone  
  17  0:53  Hatchery  
  17  0:56  Drone  
  17  0:59  Drone  
  18  1:10  Extractor  
  17  1:15  Spawning Pool  
  17  1:17  Drone  
  17  1:20  Drone  
  18  1:29  Drone  
  19  1:40  Overlord  
  19  1:51  Drone  
  20  2:04  Zergling x2, Queen  
  20  2:05  Zergling x2  
  20  2:06  Queen  
  26  2:12  Drone  
  27  2:22  Hatchery  
  26  2:26  Drone  
  26  2:29  Drone  
  28  2:30  Drone  
  28  2:34  Drone  
  30  2:38  Drone  
  31  2:45  Metabolic Boost  
  31  2:49  Pneumatized Carapace  
  31  2:53  Overlord  
  31  2:57  Drone  
  32  2:58  Drone  
  32  3:01  Drone  
  34  3:08  Drone  
  34  3:09  Drone  
  34  3:11  Queen  
  38  3:22  Drone x5  
  38  3:25  Overlord  
  43  3:31  Overlord  
  43  3:36  Queen  
  43  3:41  Extractor  
  44  3:58  Zergling x16  
  52  4:06  Baneling Nest  
  52  4:07  Drone x3  
  54  4:13  Evolution Chamber  
  53  4:27  Queen x3  
  59  4:38  Spore Crawler  
  58  4:39  Spore Crawler  
  57  4:49  Baneling x3  
  57  4:50  Baneling x2, Spore Crawler  
  57  4:52  Spore Crawler  
  55  5:14  Drone x13  
  65  5:21  Lair  
  65  5:23  Zerg Ground Armor Level 1  
  65  5:26  Overlord  
  65  5:29  Evolution Chamber  
  65  5:32  Spore Crawler  
  63  5:39  Overlord  
  63  5:40  Overlord  
  63  5:41  Overlord  
  63  5:44  Drone x2  
  63  5:47  Overlord x2  
  65  5:57  Drone x8  
  65  5:59  Drone  
  65  6:00  Drone  
  75  6:17  Drone  
  76  6:19  Extractor  
  76  6:20  Centrifical Hooks  
  76  6:22  Extractor  
  76  6:23  Hydralisk Den  
  76  6:24  Overseer  
  73  6:26  Overlord  
  73  6:30  Drone x3  
  73  6:32  Hatchery, Queen  
  77  6:44  Baneling x4  
  77  6:45  Baneling  
  77  6:46  Zergling x16  
  76  7:08  Drone x8  
  84  7:12  Drone  
  84  7:13  Drone x3  
  88  7:21  Muscular Augments, Hydralisk x4  
  88  7:22  Hydralisk  
  96  7:27  Zerg Missile Weapons Level 1  
  98  7:41  Extractor  
  98  7:42  Extractor  
  96  7:48  Hatchery  
  96  7:51  Zergling x30  
  110  7:56  Drone  
  110  7:57  Hydralisk x3  
  117  8:00  Drone  
  117  8:04  Zerg Ground Armor Level 2  
  118  8:21  Drone x2  
  118  8:22  Overlord x2  
  118  8:23  Overlord x2  
  120  8:31  Infestation Pit  
  120  8:32  Drone, Grooved Spines  
  120  8:48  Hydralisk x2  
  120  8:49  Hydralisk x7  
  120  8:51  Zergling x12  
  144  9:04  Drone x6  
  144  9:09  Overseer  
  150  9:20  Evolution Chamber x2  
  145  9:26  Spore Crawler  
  145  9:27  Spine Crawler  
  109  9:40  Hydralisk x11  
  109  9:42  Zergling x4  
  129  9:51  Zergling x16  
  129  9:54  Zergling x2  
  130  10:00  Drone  
  130  10:01  Drone x3  
  130  10:02  Drone  
  133  10:13  Drone x6  
  133  10:14  Drone x4  
  129  10:19  Drone x4  
  129  10:20  Drone  
  132  10:25  Hive  
  132  10:37  Extractor  
  132  10:40  Spire, Extractor  
  129  10:53  Hatchery  
  129  10:56  Baneling x6  
  129  10:57  Baneling x2, Hydralisk x7  
  128  10:58  Hydralisk  
  128  11:00  Hydralisk  
  146  11:09  Drone x4  
  150  11:12  Spine Crawler  
  150  11:13  Spine Crawler  
  148  11:20  Spine Crawler  
  147  11:27  Hydralisk  
  147  11:29  Zergling x2  
  121  11:44  Hydralisk x15  
  121  11:46  Zergling x2  
  130  11:47  Zergling x2  
  130  11:50  Hydralisk  
  130  11:51  Hydralisk  
  135  11:55  Hydralisk x2  
  135  11:57  Zergling x4  
  141  12:01  Corruptor  
  141  12:03  Corruptor  
  141  12:04  Corruptor  
  132  12:20  Hydralisk x5  
  132  12:21  Hydralisk  
  141  12:34  Hydralisk x6  
  141  12:36  Zergling x2  
  148  12:47  Spore Crawler  
  148  12:48  Spine Crawler  
  148  12:49  Spine Crawler  
  148  12:50  Extractor x2, Drone x9  
  148  12:54  Greater Spire  
  148  12:59  Overlord x3  
  148  13:03  Zerg Missile Weapons Level 2  
  148  13:08  Zerg Ground Armor Level 3  
  148  13:11  Overlord  
  148  13:22  Corruptor  
  148  13:23  Corruptor x3  
  147  13:47  Hydralisk x7  
  147  13:48  Hydralisk x4  
  135  14:24  Drone x3  
  135  14:25  Drone x3  
  135  14:30  Corruptor x4  
  149  14:47  Hatchery  
  139  15:00  Brood Lord, Hatchery  
  116  15:22  Brood Lord  
  96  15:35  Hydralisk  
  74  15:37  Zergling x6  
  74  15:38  Zergling x20  
  73  15:56  Drone  
  75  15:57  Drone x2  
  75  16:02  Drone x3  
  71  16:12  Extractor  
  71  16:13  Zerg Melee Weapons Level 1  
  70  16:24  Drone x3  
  70  16:25  Drone x3  
  71  16:29  Drone x4  
  71  16:31  Drone x5  
  80  16:34  Drone x2  
  80  16:35  Drone  
  78  16:42  Drone  
  78  16:44  Brood Lord  
  78  16:47  Drone  
  77  17:06  Hydralisk x2  
  80  17:11  Drone  
  80  17:13  Drone  
  77  17:20  Drone x2  
  73  17:24  Drone  
  73  17:28  Drone  
  74  17:30  Drone  
  74  17:35  Drone  
  76  17:40  Drone  
  76  17:42  Drone  
  78  17:46  Drone  
  79  17:56  Drone x2  
Show
View Real Time Build Order
Export as new Build Order

ReconkinG Terran - Winner!

Build Orders: Reaper Expand, Hellion Banshee, Mech 

Get SALT Encoding   

  12  0:00  SCV  
  13  0:13  SCV  
  14  0:17  Supply Depot  
  14  0:25  SCV  
  15  0:39  SCV  
  15  0:41  Barracks  
  16  0:43  Refinery  
  16  0:51  SCV  
  17  1:03  SCV  
  18  1:15  SCV  
  19  1:29  Orbital Command, Reaper  
  20  1:40  Command Center  
  20  1:54  SCV  
  20  1:55  Supply Depot  
  21  2:01  Marine  
  21  2:08  SCV  
  23  2:11  Factory  
  23  2:20  Barracks Reactor  
  23  2:22  Refinery, SCV  
  24  2:34  SCV  
  25  2:46  SCV  
  26  2:52  Orbital Command  
  26  2:57  Starport  
  26  3:00  SCV  
  26  3:05  Hellion x2  
  31  3:10  Barracks Tech Lab  
  31  3:15  SCV  
  31  3:19  SCV  
  33  3:21  Supply Depot  
  33  3:26  Hellion x2  
  37  3:27  SCV  
  37  3:31  SCV  
  39  3:39  Cloaking Field  
  39  3:40  Banshee  
  42  3:43  Supply Depot  
  42  3:44  SCV  
  42  3:45  SCV  
  44  3:49  Hellion  
  44  3:52  Hellion  
  48  3:56  SCV  
  48  3:57  SCV  
  50  4:08  Supply Depot, SCV  
  50  4:09  SCV  
  52  4:13  Armory  
  52  4:16  Hellion x2  
  56  4:20  SCV  
  56  4:21  SCV  
  58  4:31  Supply Depot  
  58  4:32  SCV  
  58  4:33  SCV  
  58  4:34  Viking  
  66  4:44  SCV, Command Center  
  63  4:52  SCV  
  64  5:03  SCV  
  64  5:04  SCV  
  64  5:05  Hellion x2  
  54  5:14  Barracks Tech Lab  
  54  5:17  Banshee  
  54  5:18  SCV x2  
  54  5:20  Factory  
  59  5:22  Factory  
  59  5:24  Refinery  
  59  5:25  Refinery  
  59  5:28  Hellion x2  
  63  5:32  SCV x2  
  65  5:39  Supply Depot  
  65  5:41  Supply Depot  
  65  5:44  SCV x2  
  67  5:55  Factory, Hellion  
  67  5:56  SCV x2  
  67  5:57  Factory, Hellion  
  73  5:59  Orbital Command  
  73  6:04  Supply Depot  
  73  6:08  Barracks Tech Lab, SCV  
  73  6:10  Factory  
  74  6:12  Siege Tank  
  74  6:17  Hellion  
  79  6:19  Starport Reactor  
  79  6:30  Siege Tank, Hellion  
  56  6:32  Orbital Command  
  84  6:39  SCV x2  
  84  6:49  Siege Tank  
  84  6:50  Factory Tech Lab x2  
  84  6:51  SCV x2  
  84  6:52  Liberator  
  83  7:03  Siege Tank  
  83  7:04  Hellion x2  
  83  7:06  Factory Tech Lab  
  82  7:11  SCV x2  
  87  7:19  Refinery  
  87  7:20  Refinery  
  87  7:21  Siege Tank, Hellion  
  94  7:23  SCV x2, Hellion  
  94  7:29  Supply Depot x2  
  96  7:31  Armory, Hellion  
  96  7:32  Supply Depot  
  96  7:35  SCV x2  
  100  7:38  Terran Vehicle Weapons Level 1  
  100  7:41  SCV  
  101  7:47  SCV  
  101  7:49  Siege Tank  
  105  7:53  Engineering Bay  
  105  7:54  Supply Depot  
  105  7:57  Supply Depot  
  106  7:58  SCV x2  
  106  8:03  Siege Tank  
  106  8:04  Hellion x2  
  119  8:08  Thor  
  119  8:09  Hellion x2  
  124  8:21  Hellion  
  124  8:25  Hellion  
  128  8:30  Siege Tank  
  131  8:35  Command Center  
  131  8:37  Siege Tank x2  
  137  8:45  Siege Tank  
  140  8:49  Supply Depot  
  140  8:50  Refinery  
  140  8:53  Refinery  
  137  8:56  Siege Tank  
  137  8:57  Hellion  
  137  8:58  Hellion  
  137  9:02  Siege Tank  
  147  9:09  Siege Tank  
  152  9:10  Hellion  
  152  9:11  Supply Depot x2  
  152  9:15  Terran Vehicle And Ship Armor Level 1  
  152  9:17  Hellion  
  152  9:18  Factory  
  152  9:19  Hellion  
  153  9:34  Liberator  
  130  9:41  SCV x3  
  118  9:48  Siege Tank  
  118  9:49  Siege Tank, Hellion x4  
  118  9:50  Hellion  
  122  10:02  Sensor Tower  
  120  10:10  Siege Tank  
  120  10:11  Siege Tank  
  120  10:12  Infernal Pre-Igniter  
  120  10:13  Liberator  
  123  10:15  Factory Reactor  
  123  10:17  Hellion  
  123  10:18  Hellion  
  123  10:20  Planetary Fortress  
  130  10:35  Siege Tank  
  133  10:45  Siege Tank, Hellion  
  133  10:46  Hellion x4  
  146  10:57  Hellion  
  146  10:58  Hellion  
  146  11:03  Structure Armor, Factory  
  150  11:05  Factory  
  150  11:07  Command Center, Hellion x3  
  156  11:24  Terran Vehicle Weapons Level 2, Terran Vehicle And Ship Armor Level 2  
  128  11:41  Siege Tank x2, Hellion  
  128  11:42  Hellion x5  
  128  11:43  Liberator  
  128  11:44  Liberator  
  128  11:45  Hellion x3  
  136  12:00  Hellion  
  144  12:03  Siege Tank, Hellion  
  141  12:18  Siege Tank x3  
  141  12:19  Hellion x2  
  141  12:20  Hellion  
  141  12:21  Thor  
  158  12:23  Planetary Fortress  
  158  12:26  Refinery  
  158  12:28  Hellion  
  158  12:29  Factory Tech Lab x2  
  156  12:32  Liberator  
  156  12:33  Liberator  
  156  12:36  Hellion  
  155  12:37  Missile Turret  
  150  12:48  Siege Tank, Hellion x4  
  150  12:50  Siege Tank  
  158  12:53  Missile Turret  
  158  12:56  Siege Tank  
  158  12:58  Missile Turret  
  157  13:04  Siege Tank  
  157  13:05  Hellion x3  
  166  13:14  Refinery  
  160  13:27  Siege Tank  
  160  13:28  Siege Tank x4  
  160  13:29  Hellion x5  
  160  13:31  Command Center  
  185  13:36  Hellion  
  163  14:02  Siege Tank x6  
  167  14:03  Hellion  
  167  14:04  Viking, Hellion x4  
  167  14:06  Viking  
  169  14:23  Starport  
  163  14:25  Hellion x2  
  163  14:28  Siege Tank  
  170  14:34  Siege Tank x2  
  170  14:36  Missile Turret  
  165  15:04  Siege Tank x2, Hellion  
  167  15:21  Viking x2  
  161  15:28  Thor  
  161  15:29  Thor x3  
  161  15:32  Hellion  
  161  15:33  Hellion x4  
  177  15:38  Terran Vehicle Weapons Level 3  
  177  15:40  Terran Ship Weapons Level 1  
  163  15:49  Orbital Command  
  160  16:00  Hellion  
  160  16:01  Hellion x4  
  162  16:12  Thor  
  162  16:16  Viking  
  162  16:18  Starport Tech Lab  
  170  16:21  Starport Reactor  
  164  16:26  Thor  
  170  16:43  Thor  
  170  16:45  Viking  
  170  16:46  Viking  
  178  16:57  Siege Tank  
  178  16:58  Viking  
  178  16:59  Viking  
  177  17:17  Viking x2  
  177  17:21  Hi-Sec Auto Tracking  
  179  17:24  Hellion x2  
  179  17:25  Hellion x2  
  183  17:53  Hellion  
Tags
 
Add a new tag
Caveats
  • Supply blocks, unpowered buildings, or Contaminate may cause inaccurate times.
  • Supply counts are checked every 10 seconds.